 Dungeon Crawl Stone Soup version 0.31-a0-455-g1a7b003ef0 (webtiles) character file.

Game seed: 18360692026915058651

60 Newt the Trooper (level 4, -1/38 HPs)
             Began as a Merfolk Gladiator on Aug 3, 2023.
             Slain by a goblin
             ... wielding a +0 dagger
              (3 damage)
             ... on level 2 of the Dungeon.
             The game lasted 00:01:20 (959 turns).

Newt the Trooper (Merfolk Gladiator)                 Turns: 959, Time: 00:01:20

Health: -1/38      AC:  4    Str: 16    XL:     4   Next: 4%
Magic:  4/4        EV: 13    Int:  7    God:
Gold:   67         SH:  0    Dex: 15    Spells: 3/3 levels left

rFire   . . .        f - +0 spear (heavy)
rCold   . . .        (no shield)
rNeg    . . .        b - +0 leather armour
rPois   .            c - +0 helmet
rElec   .            (no cloak)
rCorr   .            (no gloves)
SInv    .            (no boots)
Will    .....        (no amulet)
Stlth   +            (no ring)
HPRegen 0.26/turn    (no ring)
MPRegen 0.09/turn

%: no passive effects
@: hasted, very quick
A: (nimble swimmer 2), mertail, mutation resistance 1, sturdy frame 1
a: no special abilities


You were on level 2 of the Dungeon.
You visited 1 branch of the dungeon, and saw 2 of its levels.

You collected 67 gold pieces.

Inventory:

Hand Weapons
 a - a +0 trident
 f - a +0 heavy spear (weapon)
Missiles
 d - a throwing net (quivered)
 e - a javelin
 m - 5 datura-tipped darts
Armour
 b - a +0 leather armour (worn)
 c - a +0 helmet (worn)
Scrolls
 h - a scroll of teleportation {unknown}
 k - a scroll of fear {unknown}
 l - a scroll of fog
 o - a scroll of revelation {unknown}
Potions
 g - a potion of invisibility


   Skills:
 * Level 4.6 Fighting
 - Level 4.0 Polearms
 - Level 2.0 Throwing
 - Level 4.0 Dodging


You had 3 spell levels left.
You didn't know any spells.
Your spell library was empty.

Dungeon Overview and Level Annotations

Branches:
Dungeon (2/15)

Altars:
Fedhas


Innate Abilities, Weirdness & Mutations

((You are very nimble when in or above water. (Stealth+, EV+, Speed+++)))
Your lower body shifts to a powerful aquatic tail in water.
You are somewhat resistant to further mutation.
Your movements are slightly less encumbered by armour. (ER -2)


Message History

The adder is moderately wounded.
The adder bites you.
Unknown command.
You hit the adder but do no damage.
The adder is moderately wounded.
The adder bites you.
* * * LOW HITPOINT WARNING * * *
You are poisoned.
The adder poisons you! The adder barely misses you.
The goblin hits you with a +0 dagger.
* * * LOW HITPOINT WARNING * * *
You completely miss the adder.
The adder is moderately wounded.
You feel sick. The adder bites you.
* * * LOW HITPOINT WARNING * * *
The goblin hits you but does no damage. The adder bites you but does no damage.
Unknown command.
You hit the adder.
The adder is severely wounded.
You feel sick. The adder bites you.
* * * LOW HITPOINT WARNING * * *
The goblin hits you but does no damage. The adder barely misses you.
Unknown command.
You closely miss the adder.
The adder is severely wounded.
* * * LOW HITPOINT WARNING * * *
You feel sick. The goblin closely misses you.
The adder bites you but does no damage. The goblin hits you but does no damage.
The adder completely misses you.
Unknown command.
It was a potion of haste.
You feel yourself speed up.
You feel sick.
You are no longer poisoned.
The adder misses you. The goblin hits you but does no damage.
You barely miss the adder.
The adder is severely wounded.
The adder barely misses you. The goblin barely misses you.
You closely miss the adder.
The adder is severely wounded.
The adder bites you but does no damage. The goblin hits you with a +0 dagger.
You die...

.... #.#. ...##
#...# #.#.##
#.###.(Kr#
#....!.#g########
#gS@.......# #
####.......# .
#.......# .#
#.......##.#
#..........#
#........##
#.......##
#.......#
####..###


You could see an adder, 2 goblins, a kobold and a rat.

Vanquished Creatures
  2 adders (D:2)
  5 dart slugs
  A ball python (D:1)
  3 endoplasms (D:1)
  3 hobgoblins
  2 quokkas (D:1)
  4 bats
  7 frilled lizards
  2 goblins (D:1)
  2 kobolds
  3 rats (D:1)
34 creatures vanquished.

Notes
Turn   | Place    | Note
-------+----------+-------------------------------------------
     0 | D:1      | Newt the Merfolk Gladiator began the quest for the Orb.
     0 | D:1      | Reached XP level 1. HP: 16/16 MP: 1/1
    71 | D:1      | Reached XP level 2. HP: 23/23 MP: 2/2
   268 | D:1      | Reached XP level 3. HP: 27/30 MP: 3/3
   741 | D:2      | Found a blossoming altar of Fedhas.
   945 | D:2      | Reached XP level 4. HP: 5/38 MP: 4/4
   945 | D:2      | Gained mutation: Your movements are slightly less
                  | encumbered by armour. (ER -2) [potion of mutation]
   945 | D:2      | Gained mutation: You are somewhat resistant to further
                  | mutation. [potion of mutation]
   959 | D:2      | Slain by a goblin

Illustrated notes

Levels and vault maps discovered:
D:1:      wander_arrival_estate, layout_loops_ring
D:2:      layout_basic, basic_altar, minmay_fractal_squares_5

Skill      XL: |  1  2  3 |
---------------+----------+-----
Fighting       | 3 4 |  4.6
Polearms       | |  4.0
Throwing       | |  2.0
Dodging        | |  4.0

Action                     |  1- 3 |  4- 6 || total
---------------------------+-------+-------++-------
  Melee: Trident           |    21 |       ||    21
         Spear             |   100 |     8 ||   108
         Punch             |     1 |       ||     1
  Throw: Throwing net      |       |     2 ||     2
    Use: Scroll            |     3 |       ||     3
         Potion            |       |     3 ||     3
   Stab: Sleeping          |     2 |       ||     2
 Armour: Leather armour    |    40 |    11 ||    51
  Dodge: Dodged            |    89 |    15 ||   104

Table legend: (Time is in decaauts)
 A = Elapsed time spent in this place.
 B = Non-inter-level travel time spent in this place.
 C = Inter-level travel time spent in this place.
 D = Time resting spent in this place.
 E = Time spent auto-exploring this place.
 F = Levels seen in this place.
 G = Mean time per level.
                   A        B        C        D        E       F      G
               +--------+--------+--------+--------+--------+-----+--------+
         Total |    997 |    970 |     27 |      0 |    698 |   2 |  498.5 |
       Dungeon |    997 |    970 |     27 |      0 |    698 |   2 |  498.5 |
               +--------+--------+--------+--------+--------+-----+--------+

Top non-repeatable levels by time:
     D:1: 729 daAuts
     D:2: 267 daAuts
